 Dungeon Crawl Stone Soup version 0.27.0-1-g7a089689b8 (console) character file.

Game seed: 1122560960985197300

26 jejorda2 the Vexing (level 2, -1/21 HPs)
             Began as a Vampire Arcane Marksman on Aug 7, 2021.
             Slain by a worm (10 damage)
             ... on level 2 of the Dungeon.
             The game lasted 00:02:32 (833 turns).

jejorda2 the Vexing (Vampire Arcane Marksman)        Turns: 833, Time: 00:02:32

Health: -1/21      AC:  5    Str:  9    XL:     2   Next: 89%
Magic:  3/3        EV: 10    Int: 15    God:
Gold:   39         SH:  0    Dex: 14    Spells: 2/3 levels left

rFire    . . .     SeeInvis +   a - +0 short sword
rCold    . . .     Faith    .   (no shield)
rNeg     . . .     Spirit   .   e - +0 ring mail
rPois    .         Reflect  .   (no helmet)
rElec    .         Harm     .   (no cloak)
rCorr    .         Rampage  .   (no gloves)
Will     .....                  (no boots)
Stlth    +.........             (no amulet)
HPRegen  0.27/turn              (no ring)
MPRegen  0.08/turn              (no ring)

@: healing quickly
A: alive, fangs 3, see invisible, vampiric 1
a: Exsanguinate


You were on level 2 of the Dungeon.
You visited 1 branch of the dungeon, and saw 2 of its levels.

You collected 39 gold pieces.

Inventory:

Hand Weapons
 a - a +0 short sword (weapon)
 f - a +0 dagger
Missiles
 b - 5 javelins (quivered)
 c - 2 throwing nets
Armour
 d - a +0 robe
 e - a +0 ring mail (worn)
Scrolls
 g - a scroll of torment {unknown}
 h - a scroll of identify {unknown}
 i - a scroll of fog {unknown}
Potions
 j - a potion of ambrosia {unknown}
 k - a potion of curing {unknown}
 l - a potion of heal wounds {unknown}


   Skills:
 + Level 1.4 Fighting
 * Level 1.9 Short Blades
 - Level 1.5 Throwing
 + Level 0.8 Armour
 - Level 2.2 Dodging
 - Level 1.0 Spellcasting
 - Level 4.4 Hexes


You had 2 spell levels left.
You knew the following spells:

 Your Spells              Type           Power      Damage    Failure   Level
a - Corona                Hex            15%        N/A       11%         1

Your spell library contained the following spells:

 Spells                   Type           Power      Damage    Failure   Level
 Slow                     Hex            14%        N/A       17%         2
 Summon Small Mammal      Summ           0%         N/A       56%         1
 Inner Flame              Hex/Fire       7%         N/A       63%         3
 Portal Projectile        Hex/Tloc       14%        N/A       63%         3
 Summon Guardian Golem    Hex/Summ       7%         N/A       63%         3
 Cause Fear               Hex            7%         N/A       73%         4
 Call Canine Familiar     Summ           0%         N/A       90%         3


Dungeon Overview and Level Annotations

Branches:
Dungeon (2/15)

Altars:


Innate Abilities, Weirdness & Mutations

Your natural rate of healing is accelerated.
You have razor-sharp teeth.
You have supernaturally acute eyesight. (SInv)
You are afflicted with vampirism.


Message History

You feel sick. The rat closely misses you.
You hit the rat.
The rat is heavily wounded.
You feel sick. The rat misses you.
You hit the rat.
You kill the rat!
You feel sick.
You feel sick.
You are no longer poisoned.
You see here a rat corpse.
HP restored.
A worm comes into view.
The worm bites you.
You hit the worm but do no damage. You bite the worm.
The worm is moderately wounded.
The worm bites you.
You hit the worm.
The worm is moderately wounded.
You hit the worm.
The worm is heavily wounded.
The worm bites you!
You are too injured to fight recklessly!
You are too injured to fight recklessly!
You are too injured to fight recklessly!
You are too injured to fight recklessly!
You are too injured to fight recklessly!
You barely miss the worm. You bite the worm.
The worm is heavily wounded.
You hit the worm but do no damage.
The worm is heavily wounded.
The worm bites you but does no damage.
You hit the worm. You bite the worm.
The worm is almost dead.
The worm closely misses you.
You hit the worm but do no damage.
The worm is almost dead.
You hit the worm.
The worm is almost dead.
The worm bites you!
You die...

####.#
##########....#
#...........#.#
#.###########.# #.#
#......#
#.######.######
###......#†# ###
#....###<#.####...###
#......###...@w......
#....#.#......#...###
#....#.#..#.#.# #...#
#....#......#.# ..#
#..........>... .
#....##.........
#....##.........#
#.........#


You could see a worm.

Vanquished Creatures
  An adder (D:2)
  A dart slug (D:1)
  A ball python (D:1)
  An endoplasm (D:1)
  A giant cockroach (D:1)
  2 hobgoblins (D:1)
  3 bats (D:1)
  3 kobolds (D:1)
  A rat (D:2)
14 creatures vanquished.

Notes
Turn   | Place    | Note
-------+----------+-------------------------------------------
     0 | D:1      | jejorda2 the Vampire Arcane Marksman began the quest for
                  | the Orb.
     0 | D:1      | Reached XP level 1. HP: 14/14 MP: 2/2
    58 | D:1      | Reached skill level 1 in Fighting
   255 | D:1      | Reached skill level 1 in Short Blades
   264 | D:1      | Reached XP level 2. HP: 17/21 MP: 3/3
   833 | D:2      | Slain by a worm

Illustrated notes

Levels and vault maps discovered:
D:1:      tarquinn_simple_flora_water_b, layout_basic, minivault_24,
          minmay_pentomino_t2
D:2:      layout_basic, basic_ecumenical_altar

Skill      XL: |  1 |
---------------+----+-----
Fighting       | 1 |  1.4
Short Blades   | 1 |  1.9
Throwing       | |  1.5
Armour         | |  0.8
Dodging        | |  2.2
Spellcasting   | |  1.0
Hexes          | |  4.4

Action                   || total
-------------------------++-------
Melee: Short sword       ||    80
       Bite              ||    10
Throw: Javelin           ||     3
Armor: Ring mail         ||    36
Dodge: Dodged            ||    47
